 Dungeon Crawl Stone Soup version 0.29-a0-872-g797fff5ad1 (webtiles) character file.

Game seed: 18038909229610586025

1250 Garessta the Caller (level 8, -6/46 HPs)
             Began as an Octopode Summoner on July 18, 2022.
             Mangled by Maggie
             ... wielding a +1 halberd of flaming
              (12 damage)
             ... on level 6 of the Dungeon.
             The game lasted 00:23:59 (6890 turns).

Garessta the Caller (Octopode Summoner)             Turns: 6890, Time: 00:24:00

Health: -6/46      AC:  1    Str:  7    XL:     8   Next: 50%
Magic:  16/16      EV: 13    Int: 25    God:
Gold:   178        SH:  0    Dex: 13    Spells: 5/18 levels left

rFire   . . .      SeeInvis .   y - +0 dagger
rCold   . . .      Faith    .   (no shield)
rNeg    . . .      Spirit   .   (helmet restricted)
rPois   .          Reflect  .   (no amulet)
rElec   .          Harm     .   g - +6 ring of intelligence
rCorr   +          Rampage  .   q - ring of flight
Will    .....                   e - ring of resist corrosion
Stlth   ++++......              (no ring)
HPRegen 0.00/turn               (no ring)
MPRegen 0.15/turn               (no ring)
                                (no ring)
                                (no ring)

@: attractive, flying, mesmerised, inhibited regen
A: almost no armour, amphibious, 8 rings, camouflage 1, gelatinous body 1,
(nimble swimmer 1), tentacles, inhibited regeneration
a: no special abilities


You were on level 6 of the Dungeon.
You visited 1 branch of the dungeon, and saw 6 of its levels.

You collected 367 gold pieces.
You spent 189 gold pieces at shops.

Inventory:

Hand Weapons
 y - a +0 dagger (weapon)
Missiles
 s - 4 datura-tipped darts
Jewellery
 e - a ring of resist corrosion (on tentacle)
 g - a +6 ring of intelligence (left tentacle)
 q - a ring of flight (right tentacle)
Scrolls
 b - a scroll of blinking
 c - a scroll of poison
 f - 4 scrolls of enchant armour
 i - 4 scrolls of vulnerability
 j - 6 scrolls of enchant weapon
 n - 2 scrolls of fear {unknown}
 o - a scroll of fog
 p - 2 scrolls of teleportation {unknown}
 r - a scroll of torment
 z - a scroll of immolation
Potions
 a - 4 potions of magic
 d - a potion of curing
 h - 2 potions of haste {unknown}
 k - 3 potions of flight
 l - 2 potions of brilliance {unknown}
 m - a potion of might {unknown}
 t - 2 potions of cancellation {unknown}
 u - 2 potions of berserk rage {unknown}
 v - 3 potions of attraction
 w - a potion of heal wounds {unknown}
 x - 2 potions of mutation
 B - a potion of degeneration {unknown}


   Skills:
 - Level 2.0 Dodging
 + Level 6.0 Stealth
 * Level 5.6 Spellcasting
 * Level 7.0 Summonings
 * Level 3.9 Air Magic


You had 5 spell levels left.
You knew the following spells:

 Your Spells              Type           Power      Damage    Failure   Level
a - Call Canine Familiar  Summ           42%        N/A       1%          3
b - Summon Guardian Gole  Hex/Summ       24%        N/A       5%          3
c - Summon Lightning Spi  Summ/Air       34%        N/A       8%          4
d - Call Imp              Summ           42%        N/A       1%          2
e - Summon Small Mammal   Summ           100%       N/A       1%          1

Your spell library contained the following spells:

 Spells                   Type           Power      Damage    Failure   Level
 Static Discharge         Conj/Air       16%        3-5/arc   5%          2
 Conjure Flame            Conj/Fire      7%         6-21      24%         3
 Ignite Poison            Fire/Tmut/Pois 7%         N/A       24%         3
 Tukima's Dance           Hex            7%         N/A       24%         3
 Passage of Golubria      Tloc           7%         N/A       61%         4
 Sticky Flame             Conj/Fire      7%         2d3       61%         4
 Lightning Bolt           Conj/Air       8%         1d20      67%         5
 Fireball                 Conj/Fire      3%         3d4       91%         5
 Iskenderun's Battlesphe  Conj           7%         2d6       91%         5
 Yara's Violent Unravell  Hex/Tmut       3%         3d4       91%         5
 Conjure Ball Lightning   Conj/Air       8%         3x3d6     99%         6
 Orb of Destruction       Conj           3%         9d5       100%        7
 Maxwell's Capacitive Co  Air            13%        ∞         100%        8


Dungeon Overview and Level Annotations

Branches:
Dungeon (6/15)
 Temple: D:4-7

Altars:
Dithmenos
Okawaru
Ru
Wu Jian
Yredelemnul

Shops:
D:5 ?   D:6 *

Annotations:
D:3 and digging vault
D:6 Maggie


Innate Abilities, Weirdness & Mutations

You cannot wear most types of armour.
You are amphibious.
You can wear up to eight rings at the same time.
Your skin changes colour to match your surroundings (Stealth+).
Your rubbery body absorbs attacks. (AC +1, EV +1)
((You are camouflaged when in or above water. (Stealth+)))
You have tentacles for arms and can constrict up to eight enemies at once.
You do not regenerate when monsters are visible.


Message History

The bolt of fire hits you!!
Ouch! That really hurt!
It was a potion of flight.
You feel more buoyant.
Your hound closely misses Maggie.
Your hound bites Maggie but does no damage.
Maggie closely misses you.
It was a potion of attraction.
You feel attractive to monsters.
Your hound bites Maggie.
Maggie zaps a wand.
You resist with some effort.
It was a potion of mutation.
You feel extremely strange.
Your regeneration stops near monsters.
You feel less confused.
Your hound closely misses Maggie. x2
Maggie hits you with a +1 halberd of flaming!
* * * LOW HITPOINT WARNING * * *
Maggie burns you.
* * * LOW HITPOINT WARNING * * *
It was a potion of curing.
You feel better.
Your hound barely misses Maggie.
Maggie zaps a wand.
You resist with some effort.
Blink to where?
Press: ? - help, Dir - move target You cannot blink away from Maggie!
Blink to where?
Press: ? - help, Dir - move target, f - you
Okay, then.
You cannot move away from Maggie!
Okay, then.
Save game and exit?
Level annotation: Maggie Welcome back, Garessta the Octopode Summoner.
Press ? for a list of commands and other information.
Throw: throwing net
Press: ? - help, Shift-Dir - straight line, f - Maggie
Aim: Maggie, wielding a +1 halberd of flaming, wearing +2 steam dragon scales and carrying a wand of charming (9) (moderately wounded, mesmerising, ally target, 56% to hit)
You throw a throwing net. The throwing net barely misses Maggie.
Your hound bites Maggie.
Your hound bites Maggie but does no damage.
Maggie hits you with a +1 halberd of flaming!
You die...

....#.....#..##.####..####.######
##..#.>.∩.#..##....#.#####..†##
....#.....#.######.......###..##
...^#######.# #.#####..###..##
...........## #.# ##.......#
......###### ##.# #####...#
####### #####..# ##### #......#
#..h@..# #..@...# .8....#####
##>.(. #..## ..# #


You could see Maggie (mesmerising, ally target) and a friendly hound (summoned).

Vanquished Creatures
  A scorpion (D:6)
  An iguana (D:4)
  2 adders (D:3)
  An ufetubus (D:6)
  A ball python (D:2)
  2 endoplasms
  A goblin (D:2)
  3 hobgoblins
  3 quokkas
  2 bats (D:1)
  A frilled lizard (D:1)
  2 rats
20 creatures vanquished.

Vanquished Creatures (collateral kills)
  A human (D:3)
  Duvessa (D:5)
  The ghost of aves the Trooper, an amateur DsFi (D:3)
  An ogre (D:5)
  A jelly (D:6)
  A gnoll bouda (D:5)
  3 hounds (D:5)
  A human skeleton (D:3)
  An iguana (D:5)
  An orc wizard (D:4)
  3 adders (D:2)
  9 gnolls
  A worm (D:3)
  8 dart slugs
  15 orcs
  4 ball pythons
  5 endoplasms
  11 hobgoblins
  6 jackals
  2 quokkas
  3 bats
  7 goblins
  A goblin zombie (D:3)
  5 rats
92 creatures vanquished.

Vanquished Creatures (others)
  Grinder (D:4)
  Dowan (D:5)
  A hound (D:5)
  A gnoll (D:4)
  2 goblins (D:4)
  A hobgoblin (D:4)
7 creatures vanquished.

Grand Total: 119 creatures vanquished

Notes
Turn   | Place    | Note
-------+----------+-------------------------------------------
     0 | D:1      | Garessta the Octopode Summoner began the quest for the Orb.
     0 | D:1      | Reached XP level 1. HP: 11/11 MP: 3/3
   352 | D:1      | Reached XP level 2. HP: 16/17 MP: 1/5
   355 | D:1      | Learned a level 2 spell: Call Imp
   530 | D:1      | Found a faded altar of an unknown god.
   811 | D:1      | Reached XP level 3. HP: 11/21 MP: 0/7
  1458 | D:2      | Learned a level 3 spell: Call Canine Familiar
  1493 | D:2      | Reached XP level 4. HP: 27/27 MP: 8/8
  1497 | D:2      | Learned a level 3 spell: Summon Guardian Golem
  2203 | D:3      | Found a shadowy altar of Dithmenos.
  2304 | D:3      | Found an iron altar of Okawaru.
  2431 | D:3      | Noticed a human
  2432 | D:3      | Found a runed translucent door.
  2455 | D:3      | Reached skill level 5 in Summonings
  2455 | D:3      | Reached XP level 5. HP: 30/31 MP: 3/10
  2463 | D:3      | Found a basalt altar of Yredelemnul.
  2575 | D:3      | Killed a human
  2576 | D:3      | Reached XP level 6. HP: 36/36 MP: 2/12
  2733 | D:3      | Found a runed translucent gate.
  2733 | D:3      | Found a runed translucent gate.
  2733 | D:3      | Found a runed translucent gate.
  2736 | D:3      | Noticed aves's ghost (amateur DsFi)
  3040 | D:3      | Learned a level 4 spell: Summon Lightning Spire
  3093 | D:3      | Killed aves's ghost
  3094 | D:3      | Reached skill level 1 in Air Magic
  3867 | D:4      | Found an ornate altar of the Wu Jian Council.
  3953 | D:4      | Reached XP level 7. HP: 34/41 MP: 5/13
  4272 | D:4      | Reached skill level 6 in Summonings
  4332 | D:4      | Noticed Grinder
  4389 | D:4      | Killed Grinder
  4390 | D:4      | Reached skill level 5 in Stealth
  5359 | D:5      | Entered Level 5 of the Dungeon
  5855 | D:5      | Noticed Dowan
  5933 | D:5      | Noticed Duvessa
  5946 | D:5      | Killed Duvessa
  5947 | D:5      | Reached skill level 5 in Spellcasting
  5947 | D:5      | Reached XP level 8. HP: 17/46 MP: 9/15
  6024 | D:5      | Killed Dowan
  6281 | D:5      | Found Huxtaacega's Magic Scroll Shop.
  6305 | D:5      | Bought a scroll of identify for 28 gold pieces
  6305 | D:5      | Bought a scroll of enchant armour for 105 gold pieces
  6305 | D:5      | Bought a scroll of identify for 28 gold pieces
  6305 | D:5      | Bought a scroll of identify for 28 gold pieces
  6679 | D:6      | Reached skill level 7 in Summonings
  6759 | D:6      | Found a sacrificial altar of Ru.
  6819 | D:6      | Found Ennuymut's General Store.
  6877 | D:6      | Noticed Maggie
  6888 | D:6      | Gained mutation: You do not regenerate when monsters are
                  | visible. [potion of mutation]
  6888 | D:6      | HP: 1/46 [Maggie/+1 halberd of flaming (5)]
  6890 | D:6      | Mangled by Maggie

Illustrated notes

Levels and vault maps discovered:
D:1:      lightli_arrival_boilingwater, layout_rooms,
          ebering_ecumenical_altar_abandoned
D:2:      layout_basic
D:3:      layout_loops_ring, mainiacjoe_overflow_six_doors_small,
          okawaru_metal_pillars_1_2, dk_yredelemnul_ordeal,
          biasface_ghost_orc_armoury, due_unseen_surprise
D:4:      cheibrodos_greedy_goblins, layout_layer_cave,
          mainiacjoe_overflow_brackets, minmay_misc_feat_ornament,
          minmay_misc_feat_columns, uniq_grinder
D:5:      layout_loops_ring, serial_shops, kennysheep_mini,
          hangedman_abyss_or_decor_stabs, uniq_duvessa
D:6:      layout_rooms, nicolae_ru_sacrificial_ziggurat, serial_shops,
          shop_statue, kennysheep_mini_moat, nicolae_take_the_stairs, shop,
          nicolae_lakefront_shop, uniq_maggie

Skill      XL: |  1  2  3  4  5  6  7  8 |
---------------+-------------------------+-----
Spellcasting   | 3 4 5 |  5.6
Stealth        | 3 4 5 6 |  6.0
Summonings     | 5 6 7 |  7.0
Air Magic      | 1 3 |  3.9
Dodging        | |  2.0

Action                   |  1- 3 |  4- 6 |  7- 9 || total
-------------------------+-------+-------+-------++-------
Melee: Staff             |    13 |       |       ||    13
       Constrict         |     9 |    11 |     4 ||    24
       Tentacles         |     2 |     6 |     3 ||    11
       Punch             |     1 |       |       ||     1
       Short sword       |     5 |    23 |     4 ||    32
       Dagger            |       |       |     5 ||     5
Throw: Throwing net      |       |       |     1 ||     1
 Cast: Summon Small Mamm |    22 |     6 |     2 ||    30
       Call Imp          |    11 |    13 |     2 ||    26
       Call Canine Famil |       |    12 |    18 ||    30
       Summon Guardian G |       |     6 |    13 ||    19
Evoke: Wand              |       |       |     1 ||     1
  Use: Scroll            |       |       |     7 ||     7
       Potion            |       |       |     4 ||     4
 Stab: Sleeping          |     3 |     5 |     6 ||    14
Armor: Skin              |     2 |     4 |     2 ||     8
Dodge: Dodged            |    26 |    25 |    17 ||    68

Table legend: (Time is in decaauts)
 A = Elapsed time spent in this place.
 B = Non-inter-level travel time spent in this place.
 C = Inter-level travel time spent in this place.
 D = Time resting spent in this place.
 E = Time spent auto-exploring this place.
 F = Levels seen in this place.
 G = Mean time per level.
                   A        B        C        D        E       F      G
               +--------+--------+--------+--------+--------+-----+--------+
         Total |   6908 |   6548 |    360 |    250 |   4826 |   6 | 1151.3 |
       Dungeon |   6908 |   6548 |    360 |    250 |   4826 |   6 | 1151.3 |
               +--------+--------+--------+--------+--------+-----+--------+

Top non-repeatable levels by time:
     D:4: 1765 daAuts
     D:3: 1288 daAuts
     D:5: 1284 daAuts
     D:2: 1275 daAuts
     D:1: 1077 daAuts
     D:6: 217 daAuts
